 Dungeon Crawl Stone Soup version 0.21.1-1-g345015f (webtiles) character file.

1054 inc the Covert (level 8, -2/45 (46) HPs)
             Began as an Octopode Enchanter on Apr 23, 2018.
             Was an Initiate of Gozag.
             Slain by a gnoll shaman
             ... wielding a +0 whip
              (7 damage)
             ... on level 5 of the Dungeon.
             The game lasted 00:08:05 (5434 turns).

inc the Covert (Octopode Enchanter)                 Turns: 5434, Time: 00:08:06

HP:   -2/45 (46)    AC:  1    Str:  7    XL:     8   Next: 26%
MP:   3/18          EV: 13    Int: 20    God:    Gozag
Gold: 220           SH:  0    Dex: 12    Spells: 14/20 levels left

rFire    . . .     SeeInvis .   a - +1 dagger
rCold    . . .     Gourm    .   (no shield)
rNeg     . . .     Faith    .   (helmet restricted)
rPois    .         Spirit   .   (no amulet)
rElec    .         Reflect  .   (no ring)
rCorr    .         Harm     .   (no ring)
MR       .....                  (no ring)
Stlth    ++........             (no ring)
HPRegen  0.15/turn              (no ring)
MPRegen  0.16/turn              (no ring)
                                (no ring)
                                (no ring)

@: very slightly contaminated, glowing
A: almost no armour, stealthy swim, amphibious, 8 rings, constrict 8, camouflage
1, gelatinous body 1
a: Potion Petition, Call Merchant, Bribe Branch, Renounce Religion


You were on level 5 of the Dungeon.
You worshipped Gozag.
Gozag was aware of your devotion.
You were not hungry.

You visited 2 branches of the dungeon, and saw 6 of its levels.

You collected 272 gold pieces.
You paid 52 gold pieces to Gozag.

Inventory:

Hand Weapons
 a - a +1 dagger (weapon)
 i - a +3 short sword
Jewellery
 m - an uncursed ring of teleportation
 s - an uncursed amulet of guardian spirit
 A - a -3 ring of strength
Wands
 o - a wand of iceblast (11)
 y - a wand of random effects (37)
Scrolls
 d - a scroll of magic mapping
 e - 7 scrolls of remove curse
 g - a scroll of blinking {unknown}
 h - 2 scrolls of enchant armour {unknown}
 k - a scroll of fog {unknown}
 r - 2 scrolls of amnesia {unknown}
 t - a scroll of noise {unknown}
 u - a scroll of enchant weapon {unknown}
 v - a scroll of teleportation {unknown}
Potions
 j - 3 potions of curing
 l - a potion of brilliance {unknown}
 n - 2 potions of flight
 p - a potion of magic {unknown}
 q - a potion of haste {unknown}
 x - a potion of heal wounds
 z - a potion of degeneration {unknown}
Books
 b - a book of Maledictions

   Spells                             Type                      Level
   a - Corona                         Hexes                        1
   b - Ensorcelled Hibernation        Hexes/Ice                    2
   c - Confuse                        Hexes                        3
   d - Tukima's Dance                 Hexes                        3
   e - Dazzling Spray                 Conjuration/Hexes            3
 w - a book of Changes

   Spells                             Type                      Level
   a - Beastly Appendage              Transmutation                1
   b - Sticks to Snakes               Transmutation                2
   c - Spider Form                    Transmutation/Poison         3
   d - Ice Form                       Ice/Transmutation            4
   e - Blade Hands                    Transmutation                5
Comestibles
 c - 7 rations


   Skills:
 - Level 2.0 Short Blades
 - Level 2.0 Dodging
 - Level 8.1 Stealth
 + Level 6.6 Spellcasting
 - Level 3.0 Hexes
 - Level 3.1 Ice Magic


You had 14 spell levels left.
You knew the following spells:

 Your Spells              Type           Power        Failure   Level  Hunger
a - Corona                Hex            ###....      2%          1    None
b - Ensorcelled Hibernat  Hex/Ice        ###...       4%          2    None
c - Confuse               Hex            ###.....     9%          3    #......


Dungeon Overview and Level Annotations

Branches:
Dungeon (5/15)             Temple (1/1) D:5

Altars:
Ashenzari
Cheibriados
Dithmenos
Elyvilon
Fedhas
Gozag
Hepliaklqana
Makhleb
Nemelex Xobeh
Okawaru
Qazlal
Ru
Sif Muna
Trog
Uskayaw
Vehumet
Wu Jian
Xom
Yredelemnul
Zin
The Shining One


Innate Abilities, Weirdness & Mutations

You cannot wear most types of armour.
You are very stealthy in the water. (Stealth+)
You are amphibious.
You can wear up to eight rings at the same time.
You can use your tentacles to constrict eight enemies at once.
Your skin changes colour to match your surroundings (Stealth+).
Your rubbery body absorbs attacks. (AC +1, EV +1)


Message History

Casting: Ensorcelled Hibernation
Confirm with . or Enter, or press ? or * to list all spells.
Aiming: Ensorcelled Hibernation
Press: ? - help, Shift-Dir - straight line, f/p - gnoll shaman
Aim: a gnoll shaman, wielding a whip and wearing a robe (chance to defeat MR: 49%)
You miscast Ensorcelled Hibernation.
You are very lightly contaminated with residual magic.
Nothing appears to happen.
The gnoll shaman hits you with a whip!
* * * LOW HITPOINT WARNING * * *
Casting: Ensorcelled Hibernation
Confirm with . or Enter, or press ? or * to list all spells.
Aiming: Ensorcelled Hibernation
Press: ? - help, Shift-Dir - straight line, f/p - gnoll shaman
Aim: a gnoll shaman, wielding a whip and wearing a robe (chance to defeat MR: 49%)
The gnoll shaman resists with some effort.
The gnoll shaman hits you with a whip!
* * * LOW HITPOINT WARNING * * *
The gnoll shaman hits you with a whip!
You die...
Your body crumbles into a pile of gold.

.............................#
.........#..##.#.##..........#
.....###..........##.........#
....## #.....................#
...#####..........##...##..###
......(...........##........#
.########.........#####.#...#
..#######........!# #.....#
#...............@[# #......
#..........##.##g## .......
#......... #. #g# ........
.......... # #$# ....
.......... #g# .#........


#rg .......... .... ....>..grg #.... ###.....$. ...$.g You could see a gnoll
shaman, 3 gnolls and a quokka.

Vanquished Creatures
  The ghost of inc the Magician, a novice OpEn (D:5)
  Menkaure (D:5)
  An ice beast (D:5)
  A necrophage (D:3)
  An ogre (D:5)
  A scorpion (D:5)
  A howler monkey (D:4)
  A jelly (D:5)
  3 hounds
  Ijyb (D:3)
  2 worker ants (D:5)
  4 adders
  2 gnolls (D:5)
  An adder skeleton (D:4)
  4 worms
  4 dart slugs
  5 leopard geckos
  An orc (D:3)
  2 ball pythons (D:4)
  2 giant cockroaches
  11 goblins
  5 hobgoblins
  6 jackals
  3 quokkas
  3 bats
  9 frilled lizards
  A jackal skeleton (D:5)
  7 kobolds
  5 rats
89 creatures vanquished.

Notes
Turn   | Place    | Note
-------+----------+-------------------------------------------
     0 | D:1      | inc the Octopode Enchanter began the quest for the Orb.
     0 | D:1      | Reached XP level 1. HP: 11/11 MP: 3/3
   433 | D:1      | Reached XP level 2. HP: 17/17 MP: 5/5
  1225 | D:2      | Reached skill level 5 in Stealth
  1225 | D:2      | Reached XP level 3. HP: 19/21 MP: 6/6
  1315 | D:2      | Learned a level 2 spell: Ensorcelled Hibernation
  1319 | D:2      | Learned a level 3 spell: Confuse
  2561 | D:3      | Reached skill level 6 in Stealth
  2593 | D:3      | Reached XP level 4. HP: 23/27 MP: 7/7
  3122 | D:3      | Noticed a necrophage
  3141 | D:3      | Killed a necrophage
  3141 | D:3      | Reached skill level 8 in Stealth
  3141 | D:3      | Reached XP level 5. HP: 19/30 MP: 1/8
  3298 | D:3      | Noticed Ijyb
  3539 | D:3      | Killed Ijyb
  3539 | D:3      | Reached skill level 1 in Ice Magic
  3680 | D:4      | Reached XP level 6. HP: 35/35 MP: 9/9
  4533 | D:4      | Noticed a phantom
  4560 | D:5      | Entered Level 5 of the Dungeon
  4599 | D:5      | Found a staircase to the Ecumenical Temple.
  4606 | Temple   | Entered the Ecumenical Temple
  4625 | Temple   | Became a worshipper of Gozag Ym Sagoz the Greedy
  4745 | D:5      | Noticed inc's ghost (novice OpEn)
  4765 | D:5      | Noticed Menkaure
  4774 | D:5      | Killed Menkaure
  4774 | D:5      | Reached XP level 7. HP: 40/40 MP: 6/12
  5222 | D:5      | Reached skill level 5 in Spellcasting
  5291 | D:5      | Killed inc's ghost
  5291 | D:5      | Reached XP level 8. HP: 39/45 MP: 2/17
  5434 | D:5      | Slain by a gnoll shaman

Skill      XL: |  1  2  3  4  5  6  7 |
---------------+----------------------+-----
Short Blades   | 2 |  2.0
Stealth        | 5 6 8 |  8.1
Ice Magic      | 2 3 |  3.1
Spellcasting   | 3 6 |  6.6
Dodging        | |  2.0
Hexes          | |  3.0

Action                   |  1- 3 |  4- 6 |  7- 9 || total
-------------------------+-------+-------+-------++-------
Melee: Dagger            |    87 |    97 |    38 ||   222
       Constrict         |    21 |    17 |     2 ||    40
       Tentacles         |    10 |    10 |     7 ||    27
 Cast: Confuse           |       |     3 |     5 ||     8
       Ensorcelled Hiber |       |    11 |    10 ||    21
  Use: Potion            |       |     1 |       ||     1
       Scroll            |       |     2 |     4 ||     6
 Stab: Sleeping          |    15 |    19 |     8 ||    42
       Confused          |       |     1 |     1 ||     2
  Eat: Chunk             |     5 |     7 |       ||    12
       Ration            |       |       |     2 ||     2
Armor: Skin              |    10 |     5 |     1 ||    16
Dodge: Dodged            |    44 |    38 |    19 ||   101
